 Dungeon Crawl Stone Soup version 0.30-a0-51-g784eafce7f (webtiles) character file.

Game seed: 17187974673851455974

195 Gircel the Vexing (level 5, -2/24 HPs)
             Began as a Spriggan Enchanter on Sept 6, 2022.
             Killed by an exploding Jano's ghost (20 damage)
             ... ignited by their inner flame
             ... on level 3 of the Dungeon.
             The game lasted 00:05:48 (3088 turns).

Gircel the Vexing (Spriggan Enchanter)              Turns: 3088, Time: 00:05:49

Health: -2/24      AC:  3    Str: 16    XL:     5   Next: 45%
Magic:  4/13       EV: 17    Int: 22    God:
Gold:   164        SH:  0    Dex: 14    Spells: 6/14 levels left

rFire   . . .      SeeInvis +    a - +1 dagger
rCold   . . .      Faith    .    (no shield)
rNeg    . . .      Spirit   .    b - +1 robe
rPois   +          Reflect  .    (helmet restricted)
rElec   .          Harm     .    (no cloak)
rCorr   .          Rampage  .    (gloves unavailable)
Will    .....                    (boots unavailable)
Stlth   +++.......               d - amulet of magic regeneration
HPRegen 0.08/turn                f - +6 ring of intelligence
MPRegen 0.53/turn                g - +6 ring of strength

@: very quick
A: very small, no large weapons, unfitting armour, see invisible, speed 3,
poison resistance, strong 1
a: no special abilities


You were on level 3 of the Dungeon.
You visited 1 branch of the dungeon, and saw 3 of its levels.

You collected 164 gold pieces.

Inventory:

Hand Weapons
 a - a +1 dagger (weapon)
Armour
 b - a +1 robe (worn)
Jewellery
 d - an amulet of magic regeneration (around neck)
 f - a +6 ring of intelligence (left hand)
 g - a +6 ring of strength (right hand)
Scrolls
 i - a scroll of teleportation
Potions
 c - 2 potions of invisibility
 e - 3 potions of curing
 j - 2 potions of berserk rage
 k - a potion of resistance
 l - a potion of lignification {unknown}


   Skills:
 - Level 1.1 Short Blades
 - Level 2.6 Dodging
 + Level 4.4 Stealth
 + Level 5.3 Spellcasting
 + Level 5.8 Hexes


You had 6 spell levels left.
You knew the following spells:

 Your Spells              Type           Power      Damage    Failure   Level
a - Ensorcelled Hibernat  Hex/Ice        36%        N/A       4%          2
b - Tukima's Dance        Hex            31%        N/A       2%          3
d - Confusing Touch       Hex            31%        N/A       2%          3

Your spell library contained the following spells:

 Spells                   Type           Power      Damage    Failure   Level
 Dazzling Flash           Conj/Hex       36%        N/A       9%          3


Dungeon Overview and Level Annotations

Branches:
Dungeon (3/15)

Altars:


Innate Abilities, Weirdness & Mutations

You are very small and have problems with some larger weapons.
You are too small for most types of armour.
You have supernaturally acute eyesight. (SInv)
You cover ground extremely quickly. (Speed+++)
Your system is resistant to poisons. (rPois)
Your muscles are strong. (Str +4, Int/Dex -1)


Message History

Okay, then.
Unknown command.
Casting: Tukima's Dance (dangerous; 2% risk of failure)
Confirm with . or Enter, or press ? or * to list all spells.
Aiming: Tukima's Dance (dangerous; 2% risk of failure)
Press: ? - help, Shift-Dir - straight line, f - orc, p - orc
Aim: an orc, wielding a +0 club (inner flame, chance to affect: 76%)
The orc barely resists.
Unknown command.
The orc misses you.
You see here a +0 helmet.
Casting: Tukima's Dance (dangerous; 2% risk of failure)
Confirm with . or Enter, or press ? or * to list all spells.
Aiming: Tukima's Dance (dangerous; 2% risk of failure)
Press: ? - help, Shift-Dir - straight line, f/p - orc
Aim: an orc, wielding a +0 club (inner flame, chance to affect: 76%)
The +0 club dances into the air!
The orc closely misses you.
Unknown command.
Your +0 club completely misses the orc.
The orc misses you.
Casting: Tukima's Dance (dangerous; 2% risk of failure)
Confirm with . or Enter, or press ? or * to list all spells.
Aiming: Ensorcelled Hibernation (safe; 4% risk of failure)
Press: ? - help, Shift-Dir - straight line, f/p - orc
Aim: an orc (inner flame, ally target, chance to affect: 68%)
The orc struggles to resist.
The orc misses you.
Unknown command.
Jano's ghost shrieks, "You must not succeed where I failed!"
Casting: Ensorcelled Hibernation (safe; 4% risk of failure)
Confirm with . or Enter, or press ? or * to list all spells.
Aiming: Ensorcelled Hibernation (safe; 4% risk of failure)
Press: ? - help, Shift-Dir - straight line, f/p - orc
Aim: an orc (inner flame, ally target, chance to affect: 68%)
The orc looks drowsy...
Unknown command.
You hit Jano's ghost.
Jano's ghost explodes!
The fiery explosion engulfs the orc!!
The fiery explosion engulfs you!!
Ouch! That really hurt!
You die...

# #........###'###.##.#.#
# #........#....##.#....#
# #...........÷.##.#..###
# #######.......##.#..# #
#.......##.#..# #
#....(..##.#..# #######
#.......##.#..# ......#
#.......##.#..# ...##.#
######@§...#..# ##.†#.#
##§§##.#..#
#.....#########§o###.#..#
#.#..........)..o# #....#
#.#...#.........(#####.##
#.###>...#.###.....# #.#
#.......##.# #..[..###.#
##########.# #.....'.[.#
#.# #.....#####


You could see 2 orcs and a friendly +0 club.

Vanquished Creatures
  A dancing weapon (D:3)
  The ghost of Jano the Shooter, an amateur DsHu (D:3)
  A scorpion (D:3)
  An orc wizard (D:3)
  3 adders (D:3)
  A gnoll (D:2)
  4 dart slugs
  7 orcs (D:3)
  5 ball pythons
  A bat (D:2)
  3 endoplasms (D:1)
  3 giant cockroaches
  6 goblins
  5 hobgoblins
  2 jackals (D:2)
  3 quokkas (D:1)
  3 frilled lizards
  6 kobolds
  7 rats
63 creatures vanquished.

Notes
Turn   | Place    | Note
-------+----------+-------------------------------------------
     0 | D:1      | Gircel the Spriggan Enchanter began the quest for the Orb.
     0 | D:1      | Reached XP level 1. HP: 9/9 MP: 5/5
   141 | D:1      | Reached XP level 2. HP: 9/13 MP: 7/7
   154 | D:1      | Learned a level 2 spell: Ensorcelled Hibernation
  1181 | D:1      | Reached XP level 3. HP: 16/16 MP: 9/9
  1185 | D:1      | Learned a level 3 spell: Tukima's Dance
  1189 | D:1      | Learned a level 3 spell: Confusing Touch
  1386 | D:2      | Gained mutation: Your system is resistant to poisons.
                  | (rPois) [potion of mutation]
  1386 | D:2      | Gained mutation: Your muscles are strong. (Str +4, Int/Dex
                  | -1) [potion of mutation]
  2445 | D:3      | Reached skill level 5 in Hexes
  2445 | D:3      | Reached XP level 4. HP: 21/21 MP: 7/11
  2854 | D:3      | Found a runed translucent gate.
  2854 | D:3      | Found a runed translucent gate.
  2855 | D:3      | Found a runed translucent gate.
  2857 | D:3      | Noticed Jano's ghost (amateur DsHu)
  2876 | D:3      | Noticed a scorpion
  2883 | D:3      | Killed a scorpion
  2884 | D:3      | Reached skill level 5 in Spellcasting
  2884 | D:3      | Reached XP level 5. HP: 24/24 MP: 11/13
  3088 | D:3      | Killed Jano's ghost
  3088 | D:3      | Killed by an exploding Jano's ghost... ignited by their
                  | inner flame

Illustrated notes

Levels and vault maps discovered:
D:1:      dpeg_arrival_pits, layout_rooms, basic_ecumenical_altar,
          kennysheep_another_room, corexii_leaking_fountain
D:2:      layout_basic, cheibrodos_gnoll_hut
D:3:      layout_basic, biasface_ghost_orc_armoury

Skill      XL: |  1  2  3  4 |
---------------+-------------+-----
Spellcasting   | 3 4 5 |  5.3
Hexes          | 4 5 |  5.8
Short Blades   | |  1.1
Dodging        | |  2.6
Stealth        | |  4.4

Action                   |  1- 3 |  4- 6 || total
-------------------------+-------+-------++-------
Melee: Dagger            |   137 |    25 ||   162
       Punch             |     1 |       ||     1
 Cast: Ensorcelled Hiber |     7 |     8 ||    15
       Tukima's Dance    |       |     3 ||     3
  Use: Scroll            |     8 |     2 ||    10
       Potion            |     1 |       ||     1
 Stab: Sleeping          |    14 |     7 ||    21
       Distracted        |     1 |       ||     1
Armor: Robe              |     8 |     2 ||    10
Dodge: Dodged            |    93 |    19 ||   112

Table legend: (Time is in decaauts)
 A = Elapsed time spent in this place.
 B = Non-inter-level travel time spent in this place.
 C = Inter-level travel time spent in this place.
 D = Time resting spent in this place.
 E = Time spent auto-exploring this place.
 F = Levels seen in this place.
 G = Mean time per level.
                   A        B        C        D        E       F      G
               +--------+--------+--------+--------+--------+-----+--------+
         Total |   2367 |   2333 |     34 |      7 |   1901 |   3 |  789.0 |
       Dungeon |   2367 |   2333 |     34 |      7 |   1901 |   3 |  789.0 |
               +--------+--------+--------+--------+--------+-----+--------+

Top non-repeatable levels by time:
     D:1: 1045 daAuts
     D:2: 834 daAuts
     D:3: 487 daAuts
